 Dungeon Crawl Stone Soup version 0.14-a0-629-g748cab2 (webtiles) character file.

9838 Malachi the Arsonist (level 11, 0/90 HPs)
             Began as a Djinni Fire Elementalist on Nov 4, 2013.
             Was a High Priest of Kikubaaqudgha.
             Slain by a griffon (5 damage)
             ... on Level 11 of the Dungeon on Nov 5, 2013.
             The game lasted 00:48:19 (14855 turns).

Malachi the Arsonist (Djinni Fire Elementalist)    Turns: 14855, Time: 00:48:20

HP   0/90        AC 14     Str  9      XL: 11   Next: 23%
MP   0/0         EV 10     Int 19      God: Kikubaaqudgha [*****.]
Gold 376         SH 10     Dex 13      Spells:  7 memorised,  6 levels left

Res.Fire  : + + +   See Invis. : .   q - +2 mace (protect)
Res.Cold  : . . .   Warding    : .   m - +0 troll leather armour
Life Prot.: + + +   Conserve   : .   r - +0 buckler
Res.Poison: .       Res.Corr.  : .   H - +0 helmet
Res.Elec. : .       Clarity    : .   t - +0 cloak
Sust.Abil.: . .     Spirit.Shd : .   F - +0 pair of gloves
Res.Mut.  : .       Stasis     : .   (boots unavailable)
Res.Rott. : .       Flight     : +   (no amulet)
Saprovore : . . .                    i - ring of protection from cold
                                     x - ring of wizardry

@: regenerating, flying, somewhat resistant to hostile enchantments, unstealthy
A: fire immunity, cold vulnerability, life protection 3
a: Receive Corpses, Torment, Renounce Religion


You were on level 11 of the Dungeon.
You worshipped Kikubaaqudgha.
Kikubaaqudgha was extremely pleased with you.
You were not hungry.

You visited 2 branches of the dungeon, and saw 12 of its levels.
You also visited: Ossuary.

You collected 376 gold pieces.

Inventory:

Hand weapons
 o - a +2,+4 flail of holy wrath
 q - a +2,+2 mace of protection (weapon)
Missiles
 p - 7 poisoned tomahawks (quivered)
Armour
 a - a +0 robe
 m - a +0 troll leather armour (worn)
 r - a +0 buckler (worn)
 s - a +0 robe
 t - a +0 cloak (worn)
 F - a +0 pair of gloves (worn)
 H - a +0 helmet (worn)
Magical devices
 e - a wand of invisibility (6)
 w - a wand of polymorph (23)
 B - a wand of lightning (5)
 C - a wand of flame (20)
Scrolls
 d - 5 scrolls of identify
 h - 2 scrolls of fear
 k - 2 scrolls of remove curse
 l - 2 scrolls of teleportation
 n - a scroll of blinking
 G - a scroll of magic mapping
Jewellery
 f - an uncursed ring of teleport control
 g - an uncursed amulet of stasis
 i - a ring of protection from cold (right hand)
 x - a ring of wizardry (left hand)
 D - a +3 ring of evasion
 E - an uncursed ring of poison resistance
 I - an uncursed amulet of guardian spirit {unknown}
Potions
 c - 5 potions of brilliance
 j - 2 potions of restore abilities
 v - a potion of invisibility
 z - a potion of curing
Books
 b - a book of Flames

   Spells                             Type                      Level
   *Flame Tongue                      Conjuration/Fire             1
   Throw Flame                        Conjuration/Fire             2
   *Conjure Flame                     Conjuration/Fire             3
   Inner Flame                        Hexes/Fire                   3
   *Sticky Flame                      Conjuration/Fire             4
   *Fireball                          Conjuration/Fire             5
 u - Kikubaaqudgha's Grimoire of Darkness
   (Kikubaaqudgha gifted it to you on level 8 of the Dungeon)

   Spells                             Type                      Level
   *Animate Dead                      Necromancy                   4
   Agony                              Necromancy                   5
   Dispel Undead                      Necromancy                   5
   Simulacrum                         Ice/Necromancy               6
   Death Channel                      Necromancy                   6
 y - a book of the Sky

   Spells                             Type                      Level
   Flight                             Charms/Air                   3
   *Airstrike                         Air                          4
   Silence                            Hexes/Air                    5
   Deflect Missiles                   Charms/Air                   6
   Conjure Ball Lightning             Conjuration/Air              6
   Tornado                            Air                          9
 A - Kikubaaqudgha's Reference Book on Black Magic
   (Kikubaaqudgha gifted it to you on level 6 of the Dungeon)

   Spells                             Type                      Level
   Animate Skeleton                   Necromancy                   1
   Lethal Infusion                    Charms/Necromancy            2
   Corpse Rot                         Necromancy                   2
   *Regeneration                      Charms/Necromancy            3
   Control Undead                     Necromancy                   4


   Skills:
 - Level 1.3 Fighting
 - Level 1.5 Maces & Flails
 - Level 8.3 Armour
 - Level 1.7 Dodging
 - Level 1.5 Stealth
 - Level 5.0 Shields
 - Level 10.1 Spellcasting
 - Level 3.5 Conjurations
 - Level 3.0 Charms
 - Level 4.0 Necromancy
 * Level 12.1 Fire Magic
 - Level 3.1 Air Magic


You had 6 spell levels left.
You knew the following spells:

 Your Spells              Type           Power        Failure   Level  Hunger
a - Flame Tongue          Conj/Fire      #####        1%          1    None
b - Conjure Flame         Conj/Fire      #####...     1%          3    None
c - Sticky Flame          Conj/Fire      #####...     1%          4    ##.....
d - Fireball              Conj/Fire      #####.....   4%          5    ####...
e - Regeneration          Chrm/Necr      ###.......   2%          3    None
f - Airstrike             Air            ###.......   8%          4    ##.....
g - Animate Dead          Necr           N/A          5%          4    ##.....


Dungeon Overview and Level Annotations

Branches:
Dungeon (11/27)            Temple (1/1) D:5             Orc (0/4) D:7
   Lair: D:8-13

Altars:
Ashenzari
Cheibriados
Elyvilon
Fedhas
Kikubaaqudgha
Makhleb
Nemelex Xobeh
Okawaru
Sif Muna
Trog
Vehumet
Xom
Yredelemnul
Zin
the Shining One

Shops:
D:6 +

Portals:
Ziggurat: D:3 (4070 gp)


Innate Abilities, Weirdness & Mutations

You are immune to all types of fire, even holy and hellish.
You are vulnerable to cold.
You need no food.
You have no legs.
You are immune to negative energy.


Message History

* * * LOW HITPOINT WARNING * * *
You block the griffon's attack.
The griffon pecks you but does no damage.
The griffon claws you.
* * * LOW HITPOINT WARNING * * *
Your magical contamination has completely faded away.
Casting: Sticky Flame
Confirm with . or Enter, or press ? or * to list all spells.
Your skin crawls.
The griffon burns!
The giant frog barely misses you.
The giant frog hits you but does no damage.
You block the griffon's attack. The griffon closely misses you.
The griffon claws you but does no damage.
Unknown command.
You hit the griffon.
The griffon is severely wounded.
The griffon burns!
The giant frog hits you.
* * * LOW HITPOINT WARNING * * *
The griffon bites you.
You die...
Kikubaaqudgha rasps: "You have failed me!
Welcome... death!"

###.#########
#......H@FuC#
....#######.## . ..
#...# #.##% #...#
#.... #..<#
FD#.!..###..##.#.##.
....................
#....###.###.#..#.
#..........# #


You could see a griffon (burning), a hill giant, a brown ugly thing and a giant
frog.

Vanquished Creatures
  A centaur warrior (D:9)
  A griffon (D:11)
  Psyche (D:9)
  4 guardian mummies (Ossuary)
  Grinder (D:4)
  2 trolls
  Prince Ribbit (D:5)
  A wyvern (D:11)
  2 yaks (D:10)
  A hungry ghost (D:8)
  Edmund (D:4)
  A hill giant skeleton (D:8)
  A necrophage (D:7)
  A sky beast (D:6)
  An ogre (D:5)
  An ice beast (D:7)
  A phantom (D:8)
  5 orc warriors
  6 centaurs
  Sigmund (D:2)
  Duvessa (D:7)
  A big kobold (D:10)
  5 giant frogs
  A warg (D:7)
  A troll zombie (D:10)
  A troll skeleton (D:10)
  4 killer bees (D:8)
  Dowan (D:7)
  13 crimson imps
  A black bear zombie (D:10)
  6 goliath beetles
  Crazy Yiuf (D:4)
  7 orc priests
  A giant frog skeleton (D:9)
  4 hounds
  3 jellies
  13 orc wizards
  An orange rat (D:7)
  3 scorpions
  6 worker ants
  2 iguanas
  Ijyb (D:3)
  Jessica (D:3)
  A big kobold skeleton (D:9)
  A hound skeleton (D:6)
  2 worker ant zombies (D:5)
  3 green rats (D:7)
  4 gnolls
  6 adders
  A worm zombie (D:4)
  3 giant mites
  2 white imps (D:10)
  4 worms
  2 adder zombies (Ossuary)
  4 grey rats (D:7)
  A giant eyeball (D:10)
  3 giant geckos
  An ooze (D:4)
  42 orcs
  A ball python (D:4)
  11 bats
  8 giant cockroaches
  17 hobgoblins
  5 jackals
  18 kobolds
  6 quokkas
  2 ball python skeletons (Ossuary)
  A giant cockroach zombie (D:5)
  A giant gecko zombie (D:6)
  4 giant newts
  2 giant spores
  19 goblins
  A goblin skeleton (D:5)
  2 hobgoblin skeletons
  3 hobgoblin zombies (Ossuary)
  3 kobold zombies
  2 orc skeletons
  An orc zombie (Ossuary)
  A quokka skeleton (D:4)
  23 rats
  2 ballistomycetes
  A fungus (D:4)
326 creatures vanquished.

Vanquished Creatures (collateral kills)
  Joseph (D:9)
  A yak (D:10)
  A hill giant zombie (D:10)
  A mottled dragon (D:10)
  An orc warrior (D:8)
  An ogre (D:8)
  A crimson imp (D:8)
  A hound (D:8)
  An orc wizard (D:10)
  A worker ant (D:9)
  2 gnolls (D:8)
  2 giant centipedes (D:10)
  A worm (D:8)
  3 orcs
  A bat (D:8)
19 creatures vanquished.

Vanquished Creatures (others)
  A griffon zombie (D:11)
  A wyvern zombie (D:11)
  3 yak zombies (D:10)
  3 giant frog zombies
  An orc wizard (D:10)
  A human zombie (D:9)
  A worm zombie (D:8)
  A scorpion zombie (D:10)
  An orc (D:5)
  A hobgoblin zombie (D:11)
  An orc zombie (D:10)
15 creatures vanquished.

Grand Total: 360 creatures vanquished

Notes
Turn   | Place    | Note
--------------------------------------------------------------
     0 | D:1      | Malachi, the Djinni Fire Elementalist, began the quest for the Orb.
     0 | D:1      | Reached XP level 1. HP: 14/14 MP: 0/0
   192 | D:1      | Reached XP level 2. EP: 9/21
   526 | D:1      | Reached skill level 5 in Fire Magic
   857 | D:1      | Reached XP level 3. EP: 14/27
  1168 | D:2      | Learned a level 3 spell: Conjure Flame
  1987 | D:2      | Found a shattered altar of Ashenzari.
  2045 | D:2      | Noticed Sigmund
  2054 | D:2      | Killed Sigmund
  2054 | D:2      | Reached skill level 6 in Fire Magic
  2054 | D:2      | Reached XP level 4. EP: 17/35
  2509 | D:3      | Reached XP level 5. EP: 29/41
  2709 | D:3      | Found a gateway to a ziggurat.
  2805 | D:3      | Noticed Jessica
  2816 | D:3      | Killed Jessica
  2826 | D:3      | Found a deep blue altar of Sif Muna.
  2970 | D:3      | Noticed Ijyb
  2976 | D:3      | Killed Ijyb
  3253 | D:4      | Noticed Grinder
  3261 | D:3      | Learned a level 4 spell: Sticky Flame
  3263 | D:4      | Paralysed by Grinder for 6 turns
  3278 | D:4      | Killed Grinder
  3278 | D:4      | Reached skill level 7 in Fire Magic
  3278 | D:4      | Reached XP level 6. EP: 31/51
  3446 | D:4      | Noticed Edmund
  3459 | D:4      | Killed Edmund
  3459 | D:4      | Reached skill level 5 in Spellcasting
  3459 | D:4      | Reached XP level 7. EP: 36/59
  3764 | D:4      | Found a sand-covered staircase.
  3908 | Ossuary  | Entered an ossuary
  4038 | Ossuary  | Noticed a flying skull
  4038 | Ossuary  | Noticed a guardian mummy
  4054 | Ossuary  | Noticed a guardian mummy
  4073 | Ossuary  | Noticed a flying skull
  4096 | Ossuary  | Noticed a flying skull
  4281 | Ossuary  | Noticed a guardian mummy
  4333 | Ossuary  | Killed a guardian mummy
  4333 | Ossuary  | Reached skill level 1 in Shields
  4333 | Ossuary  | Reached skill level 8 in Fire Magic
  4470 | Ossuary  | Noticed a guardian mummy
  4496 | Ossuary  | Killed a guardian mummy
  4496 | Ossuary  | Reached XP level 8. EP: 27/67
  4654 | Ossuary  | Noticed a guardian mummy
  4664 | Ossuary  | Killed a guardian mummy
  4664 | Ossuary  | Reached skill level 9 in Fire Magic
  4863 | Ossuary  | Killed a guardian mummy
  5627 | D:4      | Noticed Crazy Yiuf
  5633 | D:4      | Killed Crazy Yiuf
  5692 | D:5      | Entered Level 5 of the Dungeon
  5693 | D:5      | Reached skill level 10 in Fire Magic
  6037 | D:5      | Noticed Prince Ribbit
  6053 | D:5      | Killed Prince Ribbit
  6165 | D:5      | Reached XP level 9. EP: 52/75
  6321 | D:5      | Reached skill level 1 in Fighting
  6746 | D:5      | Found a staircase to the Ecumenical Temple.
  6760 | Temple   | Entered the Ecumenical Temple
  6953 | Temple   | Became a worshipper of Kikubaaqudgha
  7568 | D:5      | Reached skill level 5 in Shields
  7738 | D:5      | Learned a level 5 spell: Fireball
  8027 | D:6      | Acquired Kikubaaqudgha's first power
  8027 | D:6      | Received a gift from Kikubaaqudgha
  8030 | D:6      | Identified Kikubaaqudgha's Reference Book on Black Magic (Kikubaaqudgha gifted it to you on level 6 of the Dungeon)
  8035 | D:6      | Learned a level 3 spell: Regeneration
  8132 | D:6      | Reached skill level 1 in Maces & Flails
  8493 | D:6      | Found Jatyukuu's Book Boutique.
  8558 | D:6      | Learned a level 4 spell: Airstrike
  8600 | D:7      | Reached skill level 1 in Air Magic
  9034 | D:7      | Noticed Duvessa
  9296 | D:7      | Noticed Dowan
  9299 | D:7      | Killed Duvessa
  9646 | D:7      | Found a deep blue altar of Sif Muna.
  9653 | D:7      | Acquired Kikubaaqudgha's second power
  9679 | D:7      | Found a shimmering altar of Xom.
  9840 | D:7      | Reached skill level 1 in Necromancy
  9842 | D:7      | Reached skill level 1 in Charms
 10186 | D:7      | Found a staircase to the Orcish Mines.
 10286 | D:7      | Reached XP level 10. EP: 34/83
 10391 | D:7      | Killed Dowan
 10839 | D:7      | Gained mutation: Your magical capacity is low (-10% MP). [potion of mutation]
 10839 | D:7      | Gained mutation: Your body is slowly deteriorating. [potion of mutation]
 10839 | D:7      | Gained mutation: Your body is deteriorating. [potion of mutation]
 10840 | D:7      | Lost mutation: Your magical capacity is low (-10% MP). [potion of cure mutation]
 10840 | D:7      | Lost mutation: Your body is deteriorating. [potion of cure mutation]
 10840 | D:7      | Lost mutation: Your body is slowly deteriorating. [potion of cure mutation]
 11173 | D:8      | Reached skill level 1 in Armour
 11200 | D:8      | Received a gift from Kikubaaqudgha
 11203 | D:8      | Identified Kikubaaqudgha's Grimoire of Darkness (Kikubaaqudgha gifted it to you on level 8 of the Dungeon)
 11210 | D:8      | Learned a level 4 spell: Animate Dead
 11973 | D:9      | Noticed Psyche
 11977 | D:9      | Killed Psyche
 11977 | D:9      | Reached skill level 5 in Armour
 12408 | D:8      | Found a white marble altar of Elyvilon.
 12408 | D:8      | Found a glowing golden altar of the Shining One.
 12576 | D:9      | Noticed a centaur warrior
 12588 | D:9      | HP: 4/83 [shot self]
 12588 | D:9      | Killed a centaur warrior
 12599 | D:9      | Your ally Psyche died
 12888 | D:9      | Noticed Joseph
 12898 | D:9      | Killed Joseph
 12921 | D:9      | Found a blossoming altar of Fedhas.
 13010 | D:10     | Entered Level 10 of the Dungeon
 13011 | D:10     | Reached skill level 11 in Fire Magic
 13100 | D:10     | Acquired Kikubaaqudgha's third power
 13181 | D:10     | Reached XP level 11. EP: 13/90
 13568 | D:10     | Reached skill level 10 in Spellcasting
 13939 | D:10     | Paralysed by a giant eyeball for 3 turns
 14517 | D:10     | Upgraded the game from 0.14-a0-586-g2535b90 to 0.14-a0-629-g748cab2
 14827 | D:11     | Acquired Kikubaaqudgha's fourth power
 14827 | D:11     | Reached skill level 12 in Fire Magic
 14832 | D:11     | Noticed a hill giant
 14855 | D:11     | Slain by a griffon

Action                   |  1- 3 |  4- 6 |  7- 9 | 10-12 || total
-------------------------+-------+-------+-------+-------++-------
Melee: Mace              |       |     2 |    55 |     6 ||    63
       Flail             |       |       |    73 |   220 ||   293
 Cast: Flame Tongue      |    70 |    37 |   194 |    48 ||   349
       Sticky Flame      |       |     3 |    25 |    39 ||    67
       Fireball          |       |       |    20 |    50 ||    70
       Regeneration      |       |       |     7 |    46 ||    53
       Animate Dead      |       |       |       |    12 ||    12
Evoke: Wand              |       |       |     1 |     3 ||     4
  Use: Scroll            |     2 |     9 |     6 |     9 ||    26
       Potion            |       |     1 |     3 |     8 ||    12
 Stab: Sleeping          |       |       |     4 |       ||     4
       Distracted        |       |       |       |     2 ||     2
